AoeStats
← Martdri

Arabia

508289053Analyzed
1v1 RM · 10d ago on Sep 21, 2026· 78m 35s· 2 players
Game mode
Random Map
Map size
Tiny (2 player)
Population
200
Speed
Normal
Resources
Standard
Victory
Conquest
Starting age
Dark Age
Ending age
Imperial Age
RankedLock teamsTeams togetherTeam positionsShared explorationLock speedFull tech treeHidden civsTurbo modeCheats
Victory
Defeat
🇦🇷 Ethiopians · Argentina
1110
+15
🇦🇷 Franks · Argentina
1079
-15
Martdri
3:06 Loom
9:49 Feudal Age
10:33 Double-Bit Axe
19:25 Wheelbarrow
23:34 Castle Age
21:46 Gold Mining
24:49 Scale Barding Armor
24:55 Forging
26:41 Husbandry
27:05 Chain Barding Armor
27:20 Iron Casting
34:24 Fletching
38:20 Gold Shaft Mining
43:57 Bodkin Arrow
45:11 Elite Skirmisher
54:40 Padded Archer Armor
57:28 Town Watch
57:59 Hand Cart
57:58 Stone Mining
58:28 Leather Archer Armor
62:59 Imperial Age
62:55 Light Cavalry
74:30 Chemistry
74:51 Conscription
74:33 Chivalry
Pepe Sapo
6:44 Loom
10:15 Feudal Age
20:15 Castle Age
19:58 Fletching
22:47 Scale Mail Armor
25:36 Chain Mail Armor
27:38 Double-Bit Axe
28:59 Wheelbarrow
30:05 Town Watch
33:44 Forging
38:37 Squires
44:51 Imperial Age
46:35 Imperial Age
46:32 Iron Casting
54:31 Halberdier
55:52 Conscription
56:46 Bodkin Arrow
59:03 Murder Holes
59:29 Ballistics
60:10 Chemistry
70:09 Bracer
71:09 Arson
77:42 Hand Cart
77:28 Town Patrol
Connection lost

Rejoining the realm…

Still unreachable

The connection could not be restored.

Session expired

The server has moved on; the page needs a fresh start.